 Dungeon Crawl Stone Soup version 0.23.2-30-g0e89c35649 (webtiles) character file.

Game seed: 2584354933229877614

42 Folque the Digger (level 3, -1/29 HPs)
             Began as a Draconian Earth Elementalist on June 21, 2019.
             Slain by Terence
             ... wielding a +0 flail
              (8 damage)
             ... on level 1 of the Dungeon.
             The game lasted 00:04:46 (968 turns).

Folque the Digger (Draconian Earth Elementalist)     Turns: 968, Time: 00:04:46

Health: -1/29      AC:  5    Str: 10    XL:     3   Next: 35%
Magic:  3/6        EV: 12    Int: 16    God:
Gold:   74         SH:  0    Dex: 11    Spells: 0/6 levels left

rFire    . . .     SeeInvis .   e - +2 mace (protect)
rCold    . . .     Gourm    .   (no shield)
rNeg     . . .     Faith    .   (armour unavailable)
rPois    .         Spirit   .   (helmet restricted)
rElec    .         Reflect  .   (no cloak)
rCorr    .         Harm     .   (no gloves)
MR       .....                  (no boots)
Stlth    ++........             (no amulet)
HPRegen  0.09/turn              (no ring)
MPRegen  0.10/turn              (no ring)

@: no status effects
A: unfitting armour, cold-blooded, AC +5
a: no special abilities


You were on level 1 of the Dungeon.
You were very hungry.

You visited 1 branch of the dungeon, and saw 2 of its levels.

You collected 74 gold pieces.

Inventory:

Hand Weapons
 e - a +2 mace of protection (weapon)
 g - a +0 dagger of venom
Missiles
 b - 55 stones (quivered)
Scrolls
 h - a scroll of fear {unknown}
 i - a scroll of enchant armour {unknown}
Potions
 d - a potion of flight {unknown}
 f - a potion of lignification {unknown}
 j - a potion of cancellation {unknown}
Comestibles
 a - a chunk of flesh
 c - a ration


   Skills:
 - Level 2.0 Fighting
 - Level 1.7 Dodging
 - Level 1.7 Stealth
 + Level 2.4 Spellcasting
 * Level 0.5 Conjurations
 - Level 1.0 Transmutations
 + Level 3.4 Earth Magic


You couldn't memorise any spells.
You knew the following spells:

 Your Spells              Type           Power        Failure   Level  Hunger
a - Sandblast             Erth           ##....       4%          1    #......
b - Passwall              Tmut/Erth      #.......     12%         2    ###....
c - Stone Arrow           Conj/Erth      #.....       26%         3    ###....

Your spell library contained the following spells:

 Spells                   Type           Power        Failure   Level  Hunger
 Petrify                  Tmut/Erth      #.......     61%         4    #####..
 Lee's Rapid Deconstruct  Erth           ##........   80%         5    ######.


Dungeon Overview and Level Annotations

Branches:
Dungeon (2/15)

Altars:

Annotations:
D:1 Terence


Innate Abilities, Weirdness & Mutations

Your plain brown scales are hard. (AC +5)
You cannot fit into any form of body armour.
You are cold-blooded and may be slowed by cold attacks.


Message History

Terence is severely wounded.
Terence hits you with a +0 flail.
* * * LOW HITPOINT WARNING * * *
There is an escape hatch in the floor here.
There is a stone staircase leading up here.
You climb upwards.
There is a stone staircase leading down here.
Terence hits you with a +0 flail.
* * * LOW HITPOINT WARNING * * *
Casting: Stone Arrow (safe; 26% risk of failure)
Confirm with . or Enter, or press ? or * to list all spells.
Aiming: Sandblast (safe; 4% risk of failure)
Press: ? - help, Shift-Dir - straight line, f - Terence
Aim: Terence, wielding a +0 flail and wearing a +0 scale mail (severely wounded)
The blast of sand hits Terence but does no damage.
Terence is severely wounded.
b - 55 stones You are feeling very hungry.
Terence hits you with a +0 flail!
You die...

...# #.#.#.# ########.######
...#######.#...# #.....##.......
.......#...###.####.....########.
.........#..............# #......
.......#...##..####.....# #.#####
.....####......# #.....# #.#
...#.# ######.########## #.#
...###########.#.......# #.#
....##...##.....@@####.####.#
#.##.).<.+..##.#..####......#
.....#...#..##......##..#####
#....#####..####..#.##..###
###...............#.#.....#
####.####.######......###.#
.....# #.# ####...# #.#
.....####.#### ###.###.#
.............# #.....#


You could see Terence.

Vanquished Creatures
  A worm (D:2)
  A leopard gecko (D:1)
  A ball python (D:2)
  5 bats
  A giant cockroach (D:1)
  7 goblins
  6 hobgoblins (D:1)
  6 kobolds
  4 frilled lizards
  3 rats (D:1)
35 creatures vanquished.

Notes
Turn   | Place    | Note
-------+----------+-------------------------------------------
     0 | D:1      | Folque the Draconian Earth Elementalist began the quest for
                  | the Orb.
     0 | D:1      | Reached XP level 1. HP: 14/14 MP: 3/3
   221 | D:1      | Reached skill level 1 in Fighting
   237 | D:1      | Reached XP level 2. HP: 18/23 MP: 3/5
   291 | D:1      | Learned a level 2 spell: Passwall
   423 | D:1      | Reached XP level 3. HP: 28/29 MP: 6/6
   428 | D:1      | Learned a level 3 spell: Stone Arrow
   866 | D:2      | Noticed Terence
   968 | D:1      | Slain by Terence

Skill      XL: |  1  2 |
---------------+-------+-----
Fighting       | 1 2 |  2.0
Dodging        | |  1.7
Stealth        | |  1.7
Spellcasting   | |  2.4
Conjurations   | |  0.5
Transmutations | |  1.0
Earth Magic    | |  3.4

Action                   || total
-------------------------++-------
Melee: Mace              ||    81
       Unarmed           ||    14
       Tailslap          ||     3
 Cast: Sandblast         ||     8
       Stone Arrow       ||     5
 Stab: Sleeping          ||     4
Armor: Skin              ||    38
Dodge: Dodged            ||    61
